 Dungeon Crawl Stone Soup version 0.18-a0-1285-g60d00e1 (webtiles) character file.

2212 Goblin1989 the Covert (level 9, 42/42 HPs)
             Began as a Vine Stalker Assassin on Feb 8, 2016.
             Was a Believer of Pakellas.
             Quit the game on level 7 of the Dungeon.
             The game lasted 00:37:49 (4676 turns).

Goblin1989 the Covert (Vine Stalker Assassin)       Turns: 4676, Time: 00:37:49

Health: 42/42      AC:  6    Str: 18    XL:     9   Next: 35%
Magic:  18/21      EV: 11    Int: 11    God:    Pakellas [**....]
Gold:   119        SH:  0    Dex: 18    Spells: 0 memorised, 8 levels left

rFire  + . .     SeeInvis +     a - +2 dagger
rCold  . . .     Gourm    .     A - +1 robe {rF+}
rNeg   + . .     Faith    .     (no shield)
rPois  .         Spirit   +     (no helmet)
rElec  .         Dismiss  .     d - +0 cloak
rCorr  .         Reflect  .     h - +0 pair of gloves
SustAt .         Harm     +     f - +0 pair of boots
MR     +....                    k - amulet of harm
Stlth  +++++.....               D - ring of see invisible
                                l - ring of Xucabu {rN+ MP+9 Str+3}

@: somewhat resistant to hostile enchantments, quite stealthy
A: fangs 3, regeneration 2, magic shield, antimagic bite, no device heal 3, rot
immunity
a: Quick Charge, Renounce Religion


You were on level 7 of the Dungeon.
You worshipped Pakellas.
Pakellas was pleased with you.
You were not hungry.

You visited 1 branch of the dungeon, and saw 7 of its levels.
You also visited: Ossuary.

You collected 329 gold pieces.
You spent 210 gold pieces at shops.

Inventory:

Hand Weapons
 a - a +2 dagger (weapon)
 b - a +0 blowgun
Missiles
 e - 15 poisoned needles
 p - a curare-tipped needle
 q - 3 needles of frenzy
Armour
 d - a +0 cloak (worn)
 f - a +0 pair of boots (worn)
 h - a +0 pair of gloves (worn)
 A - a +1 robe of fire resistance (worn)
Jewellery
 k - an amulet of harm (around neck)
 l - the ring of Xucabu (left hand) {rN+ MP+9 Str+3}
   (You found it in an ossuary)

   [ring of magical power]

   It affects your strength (+3).
   It protects you from negative energy.
   It affects your magic capacity (+9).
 v - a +4 ring of intelligence
 D - a ring of see invisible (right hand)
 G - a cursed ring of teleportation {unknown}
Wands
 t - a wand of iceblast (6/15)
Scrolls
 i - 2 scrolls of identify
 n - 2 scrolls of amnesia {unknown}
 s - 2 scrolls of noise {unknown}
 u - a scroll of magic mapping
 w - 2 scrolls of teleportation {unknown}
 x - 3 scrolls of remove curse {unknown}
 y - a scroll of torment {unknown}
 B - a scroll of enchant armour {unknown}
 I - a scroll of fear
 K - a scroll of immolation {unknown}
Potions
 m - a potion of cancellation
 o - 2 potions of curing
 r - a potion of ambrosia
 C - a potion of cure mutation
 E - a potion of flight
 F - a potion of brilliance
 J - a potion of might
Comestibles
 g - 6 bread rations
 j - a meat ration
 z - 2 slices of pizza


   Skills:
 - Level 1.7 Fighting
 * Level 8.6 Short Blades
 - Level 1.7 Throwing
 - Level 0.7 Dodging
 + Level 9.8 Stealth
 + Level 3.8 Evocations


You had 8 spell levels left.
You didn't know any spells.

Dungeon Overview and Level Annotations

Branches:
Dungeon (7/15)             Temple (0/1) D:6

Altars:
Cheibriados
Elyvilon
Fedhas
Gozag
Makhleb
Pakellas
Ru
Sif Muna
Trog
Vehumet
Yredelemnul

Shops:
D:5 =

Annotations:
D:3 Duffy's ghost, amateur VSFE
D:6 Grinder
D:7 exclusion: killer bee


Innate Abilities, Weirdness & Mutations

You have razor-sharp teeth.
You heal very quickly.
When hurt, damage is shared between your health and your magic reserves.
Your bite disrupts and absorbs the magic of your enemies.
Potions and wands cannot restore your health.
You are immune to rotting.


Message History

Level annotation: exclusion: killer bee Welcome back, Goblin1989 the Vine Stalker Assassin.
Pakellas says: Time to continue the experiment.
Press ? for a list of commands and other information.
Unknown command.
HP restored.
Found a white marble altar of Elyvilon.
A giant frog comes into view.
A giant frog is nearby!
Why would you want to do that? Why would you want to do that?
Why would you want to do that?
The helpless giant frog fails to defend itself.
You spit the giant frog like a pig!!!!
You kill the giant frog!
Pakellas accepts your kill.
You feel your power returning.
Your life force feels restored.
You see here a giant frog corpse.
Are you sure you want to abandon this character and quit the game? (Confirm with "yes".)

♣...≈≈≈...♣
#........#
♣♣..≈≈≈≈≈..♣♣
#.....<#..
♣...≈≈_≈≈...♣
#.......#.
♣♣..≈≈≈≈≈..♣♣
####......
♣...≈≈≈...♣
###....
♣♣.......♣♣ ###..
♣♣.....♣♣ ##.
♣♣...♣♣ #..
♣...@.♣ #.#
♣.......♣ ..
♣...≈≈≈...♣ ..#
....≈≈≈≈≈..# ##.
.#...≈≈♣≈≈..# ##.
.#..≈≈≈≈≈..#
#...#
.....≈≈≈...##...#
.....
##........###...
..... ...# #...
....##


There were no monsters in sight!

Vanquished Creatures
  Eustachio (D:6)
  A hungry ghost (D:7)
  Edmund (D:6)
  A soldier ant (D:5)
  A phantom (D:7)
  A crocodile (D:7)
  3 giant frogs
  2 scorpions
  4 killer bees (D:7)
  A wight (D:6)
  2 giant frog zombies (Ossuary)
  2 crimson imps
  2 centaur zombies
  A human zombie (D:4)
  A jelly (D:5)
  An orc priest (D:3)
  2 hounds
  4 orc wizards
  12 worker ants
  A killer bee zombie (Ossuary)
  2 hound zombies
  A hound skeleton (D:5)
  3 mummies (Ossuary)
  A worker ant zombie (Ossuary)
  8 adders
  An adder skeleton (D:6)
  An adder zombie (D:3)
  3 worms
  4 giant geckos
  14 orcs
  3 bats
  11 giant cockroaches
  A gnoll zombie (D:4)
  4 goblins
  2 hobgoblins (D:2)
  6 jackals
  10 kobolds
  2 quokkas
  A ball python (D:4)
  2 giant newts
  2 rats
  A rat zombie (D:4)
127 creatures vanquished.

Notes
Turn   | Place    | Note
--------------------------------------------------------------
     0 | D:1      | Goblin1989 the Vine Stalker Assassin began the quest for the Orb.
     0 | D:1      | Reached XP level 1. HP: 11/11 MP: 2/2
    94 | D:2      | Found a bloodstained altar of Trog.
   101 | D:2      | Reached skill level 5 in Stealth
   122 | D:2      | Reached XP level 2. HP: 15/15 MP: 3/3
   249 | D:2      | Reached XP level 3. HP: 16/18 MP: 4/4
   460 | D:2      | Found a deep blue altar of Sif Muna.
   705 | D:3      | Reached XP level 4. HP: 19/23 MP: 5/5
   802 | D:3      | Noticed an ice beast
   907 | D:3      | Reached skill level 6 in Stealth
   907 | D:3      | Reached XP level 5. HP: 15/26 MP: 4/6
   936 | D:3      | Found a sacrificial altar of Ru.
  1192 | D:3      | Noticed Duffy's ghost (amateur VSFE)
  1280 | D:4      | Found a snail-covered altar of Cheibriados.
  1317 | D:4      | Found a sand-covered staircase.
  1324 | D:4      | Gained mutation: You heal very quickly. [Vine Stalker growth]
  1324 | D:4      | Reached XP level 6. HP: 30/30 MP: 7/7
  1330 | Ossuary  | Entered an ossuary
  1489 | Ossuary  | Reached skill level 5 in Short Blades
  1495 | Ossuary  | Got a coiled glass ring
  1511 | Ossuary  | Identified the ring of Xucabu {rN+ MP+9 Str+3} (You found it in an ossuary)
  1539 | Ossuary  | Reached skill level 7 in Stealth
  1766 | D:4      | Reached XP level 7. HP: 34/34 MP: 8/8
  2378 | D:5      | Entered Level 5 of the Dungeon
  2583 | D:5      | Found a blossoming altar of Fedhas.
  2608 | D:5      | Found Keng's Jewellery Shop.
  2624 | D:5      | Bought an uncursed ring of see invisible for 210 gold pieces
  2648 | D:5      | Found an oddly glowing altar of Pakellas.
  2652 | D:5      | Became a worshipper of Pakellas the Inventive
  2866 | D:5      | Found an opulent altar of Gozag.
  2919 | D:5      | Found a runed door.
  2942 | D:5      | Found a runed door.
  2942 | D:5      | Noticed a soldier ant
  2957 | D:5      | Reached skill level 1 in Evocations
  2995 | D:5      | Killed a soldier ant
  2995 | D:5      | Reached skill level 8 in Stealth
  2995 | D:5      | Gained mutation: You have razor-sharp teeth. [Vine Stalker growth]
  2995 | D:5      | Reached XP level 8. HP: 14/38 MP: 10/10
  3195 | D:5      | Found a radiant altar of Vehumet.
  3196 | D:5      | Found a burning altar of Makhleb.
  3269 | D:5      | Found a basalt altar of Yredelemnul.
  3357 | D:5      | Reached * piety under Pakellas
  3387 | D:6      | Noticed Eustachio
  3446 | D:6      | Noticed Edmund
  3497 | D:6      | Killed Edmund
  3634 | D:6      | Found a staircase to the Ecumenical Temple.
  3701 | D:6      | Found a burning altar of Makhleb.
  3839 | D:6      | Killed Eustachio
  3839 | D:6      | Reached skill level 9 in Stealth
  3854 | D:6      | Noticed Grinder
  4100 | D:7      | Reached XP level 9. HP: 32/42 MP: 12/12
  4543 | D:6      | Reached ** piety under Pakellas
  4543 | D:6      | Received a gift from Pakellas
  4638 | D:7      | Upgraded the game from 0.18-a0-1273-g8ec5f8e to 0.18-a0-1285-g60d00e1
  4662 | D:7      | Found a white marble altar of Elyvilon.
  4676 | D:7      | Quit the game

Vault maps used:
D:1:      dpeg_arrival_erosion, okawaru_ov_weapons_minmay
D:2:      minmay_kobold_bridge, bloody_trog, first_bread, led_sif_pool
D:3:      marbit_many_paths, roderic_roman_lattice, uniq_iyjb
D:4:      kennysheep_six_static_rooms, lemuel_crystal_altar, enter_ossuary_3
D:5:      lemuel_insect_pit, grunt_temple_overflow_lords_of_destruction,
          nicolae_overflow_hidden_temple, kennysheep_mini, serial_shops,
          nicolae_shop_crystal, grunt_pakellas_basics, uniq_blork_the_orc
D:6:      minmay_temple_entry_grid, basic_altar, uniq_grinder, uniq_eustachio,
          uniq_edmund
D:7:      elyvilon_altar_3
Ossuary:  ossuary_zaba_flooded

Action                   |  1- 3 |  4- 6 |  7- 9 || total
-------------------------+-------+-------+-------++-------
Melee: Dagger            |   128 |   134 |   300 ||   562
 Fire: Blowgun           |     3 |     5 |    11 ||    19
Invok: Quick Charge      |       |       |     1 ||     1
Evoke: Wand              |       |       |    19 ||    19
  Use: Scroll            |       |     3 |     6 ||     9
       Potion            |       |     8 |     6 ||    14
 Stab: Sleeping          |     7 |     7 |    15 ||    29
       Invisible         |       |     8 |       ||     8
  Eat: Chunk             |       |     3 |     9 ||    12
       Meat ration       |       |       |     3 ||     3
